 Dungeon Crawl Stone Soup version 0.22.1-1-ga44c0e5 (webtiles) character file.

646 silentduck the Firebug (level 7, 0/50 HPs)
             Began as a Green Draconian Fire Elementalist on Oct 6, 2018.
             Slain by Grinder (4 damage)
             ... on level 4 of the Dungeon.
             The game lasted 00:20:56 (3435 turns).

silentduck the Firebug (DrFE)                       Turns: 3435, Time: 00:20:57

Health: 0/50       AC:  6    Str: 11    XL:     7   Next: 27%
Magic:  5/10       EV: 12    Int: 17    God:
Gold:   167        SH:  0    Dex: 11    Spells: 6/10 levels left

rFire    . . .     SeeInvis +   c - +0 dagger
rCold    + . .     Gourm    +   (no shield)
rNeg     . . .     Faith    .   (armour unavailable)
rPois    +         Spirit   .   (helmet restricted)
rElec    .         Reflect  .   (no cloak)
rCorr    .         Harm     .   (no gloves)
MR       .....                  (no boots)
Stlth    ++........             a - amulet of the gourmand
HPRegen  0.16/turn              d - ring of protection from cold
MPRegen  0.12/turn              l - ring of see invisible

@: no status effects
A: breathe noxious fumes, unfitting armour, poison resistance, cold-blooded, AC
+6
a: Breathe Noxious Fumes


You were on level 4 of the Dungeon.
You were not hungry.

You visited 1 branch of the dungeon, and saw 4 of its levels.

You collected 167 gold pieces.

Inventory:

Hand Weapons
 c - a +0 dagger (weapon)
 i - a +1 vampiric dagger
Jewellery
 a - an amulet of the gourmand (around neck)
 d - a ring of protection from cold (left hand)
 l - a ring of see invisible (right hand)
Wands
 h - a wand of iceblast (8)
Scrolls
 e - 6 scrolls of remove curse
Potions
 f - a potion of cancellation
 g - a potion of flight {unknown}
 j - a potion of brilliance
 k - a potion of mutation {unknown}
 m - a potion of resistance
Comestibles
 b - 6 rations


   Skills:
 + Level 1.0 Short Blades
 - Level 1.7 Dodging
 - Level 2.0 Stealth
 - Level 2.0 Spellcasting
 * Level 4.5 Conjurations
 * Level 7.0 Fire Magic


You had 6 spell levels left.
You knew the following spells:

 Your Spells              Type           Power        Failure   Level  Hunger
a - Flame Tongue          Conj/Fire      ###..        1%          1    #......
b - Conjure Flame         Conj/Fire      ###.....     5%          3    ###....

Your spell library contained the following spells:

 Spells                   Type           Power        Failure   Level  Hunger
 Throw Flame              Conj/Fire      ###...       2%          2    ###....
 Inner Flame              Hex/Fire       ##......     14%         3    ###....
 Sticky Flame             Conj/Fire      ###.....     19%         4    #####..
 Fireball                 Conj/Fire      ###.......   45%         5    ######.


Dungeon Overview and Level Annotations

Branches:
Dungeon (4/15)
 Temple: D:4-7

Altars:

Annotations:
D:4 Grinder


Innate Abilities, Weirdness & Mutations

You can breathe blasts of noxious fumes.
Your lurid green scales are hard. (AC +6)
You cannot fit into any form of body armour.
Your system is resistant to poisons. (rPois)
You are cold-blooded and may be slowed by cold attacks.


Message History

Confirm with . or Enter, or press ? or * to list all spells.
Aiming: Flame Tongue (safe; 1% risk of failure)
Press: ? - help, Shift-Dir - straight line, f/p - Grinder
Aim: Grinder (heavily wounded)
The flame tongue hits Grinder.
Grinder is severely wounded.
Grinder hits you but does no damage.
Casting: Flame Tongue (safe; 1% risk of failure)
Confirm with . or Enter, or press ? or * to list all spells.
Aiming: Flame Tongue (safe; 1% risk of failure)
Press: ? - help, Shift-Dir - straight line, f/p - Grinder
Aim: Grinder (severely wounded)
The flame tongue misses Grinder.
Grinder hits you but does no damage.
Casting: Flame Tongue (safe; 1% risk of failure)
Confirm with . or Enter, or press ? or * to list all spells.
Aiming: Flame Tongue (safe; 1% risk of failure)
Press: ? - help, Shift-Dir - straight line, f/p - Grinder
Aim: Grinder (severely wounded)
The flame tongue misses Grinder.
Grinder hits you.
You die...

.....#
#.#...#.#
######
#.#...#.# #
#.#...#.# #
#.......# #
###...###
##......#
#.......####
#..#.......#
#..####@##.#
.......5....#
###>......##)#
#.##.##.# #
#.... ..# ####
###


You could see Grinder.

Vanquished Creatures
  Edmund (D:4)
  A bullfrog (D:2)
  2 scorpions (D:4)
  2 hounds (D:4)
  5 orc wizards
  Jessica (D:2)
  Ijyb (D:4)
  A hound skeleton (D:4)
  3 adders
  2 worms (D:3)
  A dart slug (D:3)
  2 leopard geckos (D:2)
  13 orcs
  3 bats
  A giant cockroach (D:3)
  5 goblins
  5 hobgoblins
  3 jackals (D:1)
  6 kobolds
  A quokka (D:4)
  3 frilled lizards
  6 rats
68 creatures vanquished.

Notes
Turn   | Place    | Note
-------+----------+-------------------------------------------
     0 | D:1      | silentduck the Draconian Fire Elementalist began the quest
                  | for the Orb.
     0 | D:1      | Reached XP level 1. HP: 14/14 MP: 3/3
   314 | D:1      | Reached XP level 2. HP: 12/20 MP: 1/5
  1002 | D:2      | Reached skill level 4 in Fire Magic
  1002 | D:2      | Reached XP level 3. HP: 13/26 MP: 0/6
  1023 | D:2      | HP: 1/26 [poisoned by an adder]
  1541 | D:2      | Noticed Jessica
  1546 | D:2      | Killed Jessica
  1657 | D:2      | Noticed a bullfrog
  1664 | D:2      | Killed a bullfrog
  1664 | D:2      | Reached skill level 5 in Fire Magic
  1664 | D:2      | Reached XP level 4. HP: 19/33 MP: 0/7
  1669 | D:2      | Learned a level 3 spell: Conjure Flame
  1845 | D:3      | Reached XP level 5. HP: 37/38 MP: 0/8
  2453 | D:3      | Reached skill level 6 in Fire Magic
  2453 | D:3      | Reached XP level 6. HP: 41/45 MP: 5/9
  3240 | D:4      | Noticed Ijyb
  3240 | D:4      | Noticed Edmund
  3262 | D:4      | Killed Ijyb
  3262 | D:4      | Your scales start taking on a lurid green colour.
  3262 | D:4      | Reached XP level 7. HP: 46/50 MP: 0/10
  3262 | D:4      | Gained mutation: Your system is resistant to poisons.
                  | (rPois) [Green Draconian growth]
  3319 | D:4      | Killed Edmund
  3319 | D:4      | Reached skill level 1 in Short Blades
  3319 | D:4      | Reached skill level 7 in Fire Magic
  3426 | D:4      | Noticed Grinder
  3427 | D:4      | Paralysed by Grinder for 4 turns
  3435 | D:4      | Slain by Grinder

Skill      XL: |  1  2  3  4  5  6  7 |
---------------+----------------------+-----
Stealth        | 2 |  2.0
Fire Magic     | 4 5 6 7 |  7.0
Conjurations   | 2 3 4 |  4.5
Short Blades   | 1 |  1.0
Dodging        | |  1.7
Spellcasting   | |  2.0

Action                   |  1- 3 |  4- 6 |  7- 9 || total
-------------------------+-------+-------+-------++-------
Melee: Unarmed           |    28 |     2 |       ||    30
       Tailslap          |     1 |     4 |     5 ||    10
       Dagger            |       |    40 |    13 ||    53
 Cast: Flame Tongue      |    32 |   105 |    13 ||   150
       Conjure Flame     |       |     3 |       ||     3
 Abil: Breathe Noxious F |       |       |     1 ||     1
  Use: Scroll            |     7 |     4 |       ||    11
       Potion            |     2 |     1 |     1 ||     4
  Eat: Ration            |     1 |     1 |       ||     2
       Chunk             |       |     4 |       ||     4
Armor: Skin              |    14 |    32 |     5 ||    51
Dodge: Dodged            |    24 |    72 |     7 ||   103
